 Dungeon Crawl Stone Soup version 0.21-a0-349-g0c35859 (webtiles) character file.

798 tidbits the Charmwright (level 7, 0/56 HPs)
             Began as a Gnoll Skald on Oct 8, 2017.
             Was a Follower of Makhleb.
             Succumbed to Dowan's poison
             ... on level 5 of the Dungeon.
             The game lasted 00:12:42 (1420 turns).

tidbits the Charmwright (Gnoll Skald)               Turns: 1420, Time: 00:12:43

Health: 0/56       AC:  7    Str: 13    XL:     7   Next: 90%
Magic:  7/15       EV: 13    Int: 17    God:    Makhleb [*.....]
Gold:   118        SH:  0    Dex: 15    Spells: 6/17 levels left

rFire    . . .     SeeInvis .   a - +0 hand axe
rCold    . . .     Gourm    .   (no shield)
rNeg     . . .     Faith    .   B - +0 ring mail
rPois    .         Spirit   .   E - +0 helmet
rElec    .         Reflect  .   (no cloak)
rCorr    .         Harm     .   (no gloves)
MR       .....                  (no boots)
Stlth    ++........             (no amulet)
HPRegen  0.18/turn              (no ring)
MPRegen  0.14/turn              (no ring)

@: lethally poisoned (0 -> -28), infused, singing
A: distributed training, fangs 1, strong nose
a: Renounce Religion


You were on level 5 of the Dungeon.
You worshipped Makhleb.
Makhleb was aware of your devotion.
You were hungry.

You visited 1 branch of the dungeon, and saw 5 of its levels.

You collected 118 gold pieces.

Inventory:

Hand Weapons
 a - a +0 hand axe (weapon)
 v - a +1 dagger of venom
   (You took it off a kobold on level 1 of the Dungeon)
 z - a +0 morningstar
Missiles
 p - 83 arrows
 y - 3 tomahawks (quivered)
Armour
 b - a +0 leather armour
 r - a +0 scale mail
 B - a +0 ring mail (worn)
 E - a +0 helmet (worn)
Magical Staves
 A - an uncursed staff of conjuration {unknown}
   (You found it on level 5 of the Dungeon)
Scrolls
 e - a scroll of enchant armour {unknown}
 g - 3 scrolls of teleportation {unknown}
 h - 5 scrolls of identify {unknown}
 j - a scroll of recharging {unknown}
 k - 4 scrolls of remove curse {unknown}
 l - 2 scrolls of enchant weapon {unknown}
 m - a scroll of fog {unknown}
 n - a scroll of fear {unknown}
 u - a scroll of magic mapping {unknown}
 w - a scroll of amnesia {unknown}
Potions
 i - a potion of curing
 o - a potion of heal wounds {unknown}
 s - a potion of might {unknown}
 t - a potion of haste {unknown}
Books
 c - a book of Battle

   Spells                             Type                      Level
   a - Infusion                       Charms                       1
   b - Shroud of Golubria             Charms/Translocation         2
   c - Song of Slaying                Charms                       2
   d - Spectral Weapon                Hexes/Charms                 3
   e - Regeneration                   Charms/Necromancy            3
Comestibles
 d - 3 bread rations
 f - 3 royal jellies
 q - 2 meat rations
 x - 4 fruits


   Skills:
 + Level 5.3 Fighting
 + Level 2.7 Short Blades
 + Level 2.7 Long Blades
 + Level 5.3 Axes
 + Level 2.7 Maces & Flails
 + Level 2.7 Polearms
 + Level 2.7 Staves
 + Level 2.7 Slings
 + Level 2.7 Bows
 + Level 2.7 Crossbows
 + Level 2.7 Throwing
 + Level 3.8 Armour
 + Level 5.3 Dodging
 + Level 2.7 Stealth
 + Level 2.7 Shields
 + Level 2.7 Unarmed Combat
 + Level 5.7 Spellcasting
 + Level 2.7 Conjurations
 + Level 2.7 Hexes
 + Level 7.1 Charms
 + Level 2.7 Summonings
 + Level 2.7 Necromancy
 + Level 2.7 Translocations
 + Level 2.7 Transmutations
 + Level 2.7 Fire Magic
 + Level 2.7 Ice Magic
 + Level 2.7 Air Magic
 + Level 2.7 Earth Magic
 + Level 2.7 Poison Magic
 + Level 2.7 Invocations
 + Level 2.7 Evocations


You had 6 spell levels left.
You knew the following spells:

 Your Spells              Type           Power        Failure   Level  Hunger
g - Shroud of Golubria    Chrm/Tloc      ###.......   5%          2    #......
i - Infusion              Chrm           ####         1%          1    None
r - Regeneration          Chrm/Necr      ###.......   11%         3    ##.....
w - Spectral Weapon       Hex/Chrm       ###.....     11%         3    ##.....
y - Song of Slaying       Chrm           ####....     2%          2    #......


Dungeon Overview and Level Annotations

Branches:
Dungeon (5/15)
 Temple: D:4-7

Altars:
Ashenzari
Makhleb
Trog
Uskayaw
Yredelemnul

Annotations:
D:5 Dowan, Duvessa


Innate Abilities, Weirdness & Mutations

Your experience applies equally to all skills.
You have very sharp teeth.
Your uncanny sense of smell can sniff out nearby items.


Message History

You hit the orc but do no damage.
Your spectral weapon barely misses Duvessa.
Your spectral weapon closely misses the orc.
The orc hits you with a falchion. Duvessa misses you.
You hit Duvessa. You bite Duvessa, but do no damage.
Duvessa is heavily wounded.
You barely miss the orc. You hit Dowan.
You feel sick.
Your spectral weapon hits Duvessa but does no damage.
Your spectral weapon hits the orc but does no damage.
Duvessa completely misses you. Dowan misses you. The orc barely misses you.
Duvessa hits you with a short sword.
* * * LOW HITPOINT WARNING * * *
You barely miss Duvessa.
Duvessa is heavily wounded.
You barely miss Dowan. You closely miss the orc.
Your spectral weapon hits Duvessa but does no damage.
Your spectral weapon hits the orc but does no damage.
Dowan misses you. Duvessa barely misses you. The orc closely misses you.
You barely miss Duvessa.
Duvessa is heavily wounded.
You hit the orc. You completely miss Dowan.
Your spectral weapon hits Duvessa but does no damage.
Your spectral weapon closely misses the orc.
Duvessa closely misses you. Dowan hits you but does no damage.
You are more poisoned.
The orc barely misses you. Duvessa closely misses you.
You hit Duvessa but do no damage.
Duvessa is heavily wounded.
You hit Dowan but do no damage. You completely miss the orc.
You feel sick.
Your spectral weapon closely misses Duvessa.
Your spectral weapon hits the orc.
Dowan misses you. Duvessa hits you with a short sword!
* * * LOW HITPOINT WARNING * * *
The orc hits you but does no damage.
You hit Duvessa.
Duvessa is heavily wounded.
You hit Dowan. You hit the orc but do no damage.
You feel sick.
Your spectral weapon hits Duvessa but does no damage.
Your spectral weapon closely misses the orc.
Duvessa closely misses your spectral weapon.
Dowan casts a spell at you. The puff of flame hits you!
The orc barely misses you. Duvessa misses your spectral weapon.
Dowan hits you but does no damage.
You hit Duvessa but do no damage.
Duvessa is heavily wounded.
You hit Dowan but do no damage. You hit the orc but do no damage.
Your spectral weapon hits Duvessa.
Your spectral weapon hits the orc.
You kill the orc!
Makhleb accepts your kill.
Duvessa hits your spectral weapon with a short sword.
Your spectral weapon shares its damage with you!
* * * LOW HITPOINT WARNING * * *
Dowan hits you but does no damage.
You feel better.
Duvessa barely misses your spectral weapon.
Duvessa hits your spectral weapon but does no damage.
Dowan hits you but does no damage.
You are poisoned.
You closely miss Duvessa.
Duvessa is heavily wounded.
You barely miss Dowan.
You feel sick.
Duvessa is no longer moving quickly.
Your spectral weapon hits Duvessa but does no damage.
Duvessa hits you but does no damage. Dowan hits you with a dagger of venom.
* * * LOW HITPOINT WARNING * * *
You are more poisoned.
Casting: Song of Slaying
Confirm with . or Enter, or press ? or * to list all spells.
You begin infusing your attacks with magical energy.
* * * LOW HITPOINT WARNING * * *
You feel sick. Duvessa misses you. Dowan barely misses you.
You hit Duvessa but do no damage.
Duvessa is heavily wounded.
You hit Dowan.
* * * LOW HITPOINT WARNING * * *
You feel sick.
Your spectral weapon barely misses Duvessa.
Duvessa hits you but does no damage. Dowan hits you but does no damage.
You are lethally poisoned!
Duvessa hits you with a short sword.
* * * LOW HITPOINT WARNING * * *
You hit Duvessa.
Duvessa is severely wounded.
You hit Dowan!
* * * LOW HITPOINT WARNING * * *
You feel sick.
Your spectral weapon hits Duvessa.
Dowan closely misses you. Duvessa misses your spectral weapon.
You hit Duvessa.
Duvessa is almost dead.
You barely miss Dowan.
* * * LOW HITPOINT WARNING * * *
You feel sick.
Your spectral weapon hits Duvessa.
Dowan hits you with a dagger of venom.
* * * LOW HITPOINT WARNING * * *
You are more poisoned.
Duvessa hits you with a short sword.
* * * LOW HITPOINT WARNING * * *
You hit Duvessa.
Duvessa is almost dead.
You closely miss Dowan.
You die...

##...## #...#
##.##########...###
#.........#......##
#. #.##.#.#.........
##.##.#.#.........
#.....#.#..###..#.
##.#..............
#.##)##.#.#.......#.
#..(@e...>##.###..#
####e###### ... ..
#!# #.## # .(. .#
... .. #.(.. ..
###.# .#


You could see Duvessa, Dowan and a friendly spectral hand axe.

Vanquished Creatures
  A sky beast (D:5)
  An ogre (D:4)
  A scorpion (D:3)
  A howler monkey (D:4)
  2 vampire bats (D:4)
  A hound (D:5)
  2 orc priests (D:5)
  2 iguanas (D:4)
  Natasha (twice) (D:2)
  2 orc wizards
  4 gnolls (D:3)
  7 adders
  An adder skeleton (D:4)
  A worm (D:2)
  A dart slug (D:3)
  15 orcs
  5 giant cockroaches
  5 goblins
  9 hobgoblins
  A jackal (D:1)
  8 kobolds
  4 quokkas
  2 ball pythons
  11 bats
  3 frilled lizards (D:2)
  A jackal skeleton (D:4)
  A quokka zombie (D:2)
  7 rats
101 creatures vanquished.

Vanquished Creatures (others)
  A spectral weapon (D:3)
1 creature vanquished.

Grand Total: 102 creatures vanquished

Notes
Turn   | Place    | Note
-------+----------+-------------------------------------------
     0 | D:1      | tidbits the Gnoll Skald began the quest for the Orb.
     0 | D:1      | Reached XP level 1. HP: 20/20 MP: 6/6
   170 | D:1      | Reached XP level 2. HP: 26/26 MP: 4/7
   179 | D:1      | Learned a level 2 spell: Song of Slaying
   182 | D:1      | Learned a level 2 spell: Shroud of Golubria
   273 | D:2      | Noticed Natasha
   282 | D:2      | Noticed a crimson imp
   283 | D:2      | Killed Natasha
   283 | D:2      | Reached skill level 5 in Spellcasting
   283 | D:2      | Reached XP level 3. HP: 28/31 MP: 0/9
   288 | D:2      | Learned a level 3 spell: Regeneration
   292 | D:2      | Learned a level 3 spell: Spectral Weapon
   318 | D:2      | Found a basalt altar of Yredelemnul.
   401 | D:2      | Reached skill level 1 in Short Blades
   401 | D:2      | Reached skill level 1 in Long Blades
   401 | D:2      | Reached skill level 1 in Maces & Flails
   401 | D:2      | Reached skill level 1 in Polearms
   401 | D:2      | Reached skill level 1 in Staves
   401 | D:2      | Reached skill level 1 in Slings
   401 | D:2      | Reached skill level 1 in Bows
   401 | D:2      | Reached skill level 1 in Crossbows
   401 | D:2      | Reached skill level 1 in Throwing
   401 | D:2      | Reached skill level 1 in Stealth
   401 | D:2      | Reached skill level 1 in Shields
   401 | D:2      | Reached skill level 1 in Unarmed Combat
   401 | D:2      | Reached skill level 1 in Conjurations
   401 | D:2      | Reached skill level 1 in Hexes
   401 | D:2      | Reached skill level 1 in Summonings
   401 | D:2      | Reached skill level 1 in Necromancy
   401 | D:2      | Reached skill level 1 in Translocations
   401 | D:2      | Reached skill level 1 in Transmutations
   401 | D:2      | Reached skill level 1 in Fire Magic
   401 | D:2      | Reached skill level 1 in Ice Magic
   401 | D:2      | Reached skill level 1 in Air Magic
   401 | D:2      | Reached skill level 1 in Earth Magic
   401 | D:2      | Reached skill level 1 in Poison Magic
   401 | D:2      | Reached skill level 1 in Invocations
   401 | D:2      | Reached skill level 1 in Evocations
   401 | D:2      | Reached XP level 4. HP: 31/38 MP: 3/11
   669 | D:3      | Reached XP level 5. HP: 43/43 MP: 2/12
   701 | D:2      | Noticed Natasha
   706 | D:2      | Killed Natasha
   761 | D:3      | Found a hide-covered altar of Uskayaw.
   769 | D:3      | Found a burning altar of Makhleb.
   770 | D:3      | Found a shattered altar of Ashenzari.
   774 | D:3      | Found a bloodstained altar of Trog.
   783 | D:3      | Became a worshipper of Makhleb the Destroyer
   887 | D:3      | Reached skill level 3 in Armour
   894 | D:3      | Reached XP level 6. HP: 30/50 MP: 1/13
  1072 | D:4      | Reached * piety under Makhleb
  1072 | D:4      | Reached skill level 5 in Fighting
  1072 | D:4      | Reached skill level 5 in Axes
  1072 | D:4      | Reached skill level 5 in Dodging
  1073 | D:4      | Reached skill level 2 in Short Blades
  1073 | D:4      | Reached skill level 2 in Long Blades
  1073 | D:4      | Reached skill level 2 in Maces & Flails
  1073 | D:4      | Reached skill level 2 in Polearms
  1073 | D:4      | Reached skill level 2 in Staves
  1073 | D:4      | Reached skill level 2 in Slings
  1073 | D:4      | Reached skill level 2 in Bows
  1073 | D:4      | Reached skill level 2 in Crossbows
  1073 | D:4      | Reached skill level 2 in Throwing
  1073 | D:4      | Reached skill level 2 in Stealth
  1073 | D:4      | Reached skill level 2 in Shields
  1073 | D:4      | Reached skill level 2 in Unarmed Combat
  1073 | D:4      | Reached skill level 2 in Conjurations
  1073 | D:4      | Reached skill level 2 in Hexes
  1073 | D:4      | Reached skill level 2 in Summonings
  1073 | D:4      | Reached skill level 2 in Necromancy
  1073 | D:4      | Reached skill level 2 in Translocations
  1073 | D:4      | Reached skill level 2 in Transmutations
  1073 | D:4      | Reached skill level 2 in Fire Magic
  1073 | D:4      | Reached skill level 2 in Ice Magic
  1073 | D:4      | Reached skill level 2 in Air Magic
  1073 | D:4      | Reached skill level 2 in Earth Magic
  1073 | D:4      | Reached skill level 2 in Poison Magic
  1073 | D:4      | Reached skill level 2 in Invocations
  1073 | D:4      | Reached skill level 2 in Evocations
  1109 | D:5      | Entered Level 5 of the Dungeon
  1145 | D:4      | Reached XP level 7. HP: 19/56 MP: 2/15
  1196 | D:4      | Reached skill level 7 in Charms
  1396 | D:5      | Noticed Duvessa
  1397 | D:5      | Noticed Dowan
  1419 | D:5      | HP: 5/56 [poisoned by Dowan]
  1419 | D:5      | HP: 2/56 [Duvessa/short sword (2)]
  1420 | D:5      | Succumbed to Dowan's poison

Vault maps used:
D:1:      dpeg_arrival_brainrot, grunt_decor_cap,
          corexii_item_surrounded_by_moat
D:2:      marbit_many_paths, first_bread, uniq_natasha
D:3:      minitemple
D:4:      cheibrodos_helix_gallery, roderic_batcave, nrook_mini_backslash,
          minmay_distorted
D:5:      grunt_temple_overflow_forces_of_nature, uniq_duvessa

Skill      XL: |  1  2  3  4  5  6  7 |
---------------+----------------------+-----
Spellcasting   | 5 |  5.7
Short Blades   | 1 2 |  2.7
Long Blades    | 1 2 |  2.7
Maces & Flails | 1 2 |  2.7
Polearms       | 1 2 |  2.7
Staves         | 1 2 |  2.7
Slings         | 1 2 |  2.7
Bows           | 1 2 |  2.7
Crossbows      | 1 2 |  2.7
Throwing       | 1 2 |  2.7
Stealth        | 1 2 |  2.7
Shields        | 1 2 |  2.7
Unarmed Combat | 1 2 |  2.7
Conjurations   | 1 2 |  2.7
Hexes          | 1 2 |  2.7
Summonings     | 1 2 |  2.7
Necromancy     | 1 2 |  2.7
Translocations | 1 2 |  2.7
Transmutations | 1 2 |  2.7
Fire Magic     | 1 2 |  2.7
Ice Magic      | 1 2 |  2.7
Air Magic      | 1 2 |  2.7
Earth Magic    | 1 2 |  2.7
Poison Magic   | 1 2 |  2.7
Invocations    | 1 2 |  2.7
Evocations     | 1 2 |  2.7
Armour         | 3 |  3.8
Fighting       | 5 |  5.3
Axes           | 5 |  5.3
Dodging        | 5 |  5.3
Charms         | 7 |  7.1

Action                   |  1- 3 |  4- 6 |  7- 9 || total
-------------------------+-------+-------+-------++-------
Melee: Dagger            |    25 |    51 |     6 ||    82
       Hand axe          |    10 |    98 |    54 ||   162
       Bite              |     4 |    18 |     9 ||    31
       Punch             |       |       |     1 ||     1
Throw: Tomahawk          |       |       |     1 ||     1
 Cast: Infusion          |     5 |     1 |     1 ||     7
       Shroud of Golubri |     1 |     3 |       ||     4
       Spectral Weapon   |     2 |    16 |     5 ||    23
       Regeneration      |       |     6 |     1 ||     7
       Song of Slaying   |       |       |     1 ||     1
  Use: Potion            |       |     1 |     1 ||     2
 Stab: Distracted        |       |     1 |     3 ||     4
  Eat: Chunk             |       |     3 |     1 ||     4
Armor: Leather armour    |     1 |       |       ||     1
       Ring mail         |     6 |    43 |    29 ||    78
Dodge: Dodged            |    26 |   105 |    66 ||   197

Table legend:
 A = Spawn XP
 B = Non-spawn XP
 C = Spawn XP percentage of total XP
 D = Spawn monster count
 E = Non-spawn monster count
 F = Spawn count percentage of total count
 G = Total turns spent on level
                    A         B        C        D         E        F      G
               +---------+---------+-------+---------+---------+-------+---------
         Total |       0 |    1141 |   0.0 |       0 |     101 |   0.0 |  1420
               +---------+---------+-------+---------+---------+-------+---------
           D:1 |       0 |      15 |   0.0 |       0 |       9 |   0.0 |   247
           D:2 |       0 |     160 |   0.0 |       0 |      28 |   0.0 |   365
           D:3 |       0 |     233 |   0.0 |       0 |      28 |   0.0 |   381
           D:4 |       0 |     424 |   0.0 |       0 |      27 |   0.0 |   296
           D:5 |       0 |     309 |   0.0 |       0 |       9 |   0.0 |   131
               +---------+---------+-------+---------+---------+-------+---------

Table legend:
 A = Turns spent in this place as a percentage of turns spent in the entire game.
 B = Non-inter-level travel turns spent in this place as a percentage of non-inter-level travel turns spent in the entire game.
 C = Inter-level travel turns spent in this place as a percentage of turns spent in this place.
 D = Turns resting spent in this place as a percentage of non-inter-level travel turns spent in this place.
 E = Turns spent auto-exploring this place as a percentage of non-inter-level travel turns spent in this place.
 F = Non-inter-level travel turns spent in this place divided by the number of levels of this place that you've seen.
                   A       B       C       D       E      F
               +-------+-------+-------+-------+-------+----------------------
         Total | 100.0 | 100.0 |   1.8 |   0.0 |   0.0 | 278.8
       Dungeon | 100.0 | 100.0 |   1.8 |   0.0 |   0.0 | 278.8
               +-------+-------+-------+-------+-------+----------------------

Table legend:
 A = Kills in this place as a percentage of kills in entire the game.
 B = Kills by you in this place as a percentage of kills by you in the entire game.
 C = Kills by friends in this place as a percentage of kills by friends in the entire game.
 D = Other kills in this place as a percentage of other kills in the entire game.
 E = Experience gained in this place as a percentage of experience gained in the entire game.
 F = Experience gained in this place divided by the number of levels of this place that you have seen.
                   A       B       C       D       E      F
               +-------+-------+-------+-------+-------+----------------------
         Total | 100.0 | 100.0 |   N/A |   N/A | 100.0 | 228.2
       Dungeon | 100.0 | 100.0 |   N/A |   N/A | 100.0 | 228.2
               +-------+-------+-------+-------+-------+----------------------

Vault maps used:
D:1:      dpeg_arrival_brainrot, grunt_decor_cap,
          corexii_item_surrounded_by_moat
D:2:      marbit_many_paths, first_bread, uniq_natasha
D:3:      minitemple
D:4:      cheibrodos_helix_gallery, roderic_batcave, nrook_mini_backslash,
          minmay_distorted
D:5:      grunt_temple_overflow_forces_of_nature, uniq_duvessa
